 Dungeon Crawl Stone Soup version 0.31-a0-865-g3d5d91748a (webtiles) character file.

Game seed: 16103253540719793904

46 scionoferis the Sneak (level 3, -3/23 HPs)
             Began as a Kobold Brigand on Oct 10, 2023.
             Slain by a cerulean imp
             ... wielding a +1 spear
             ... summoned by Natasha
              (5 damage)
             ... on level 2 of the Dungeon.
             The game lasted 00:03:14 (997 turns).

scionoferis the Sneak (Kobold Brigand)               Turns: 997, Time: 00:03:15

Health: -3/23      AC:  7    Str:  8    XL:     3   Next: 95%
Magic:  3/3        EV: 12    Int: 12    God:
Gold:   99         SH:  5    Dex: 18    Spells: 2/2 levels left

rFire   . . .        a - +2 dagger
rCold   . . .        (no shield)
rNeg    . . .        f - +0 ring mail
rPois   .            (no helmet)
rElec   .            c - +0 cloak
rCorr   .            j - +0 pair of gloves
SInv    .            (no boots)
Will    .....        b - amulet of reflection
Stlth   ++++         (no ring)
HPRegen 0.23/turn    (no ring)
MPRegen 0.08/turn

%: reflection
@: slowed, very slow
A: small, no large weapons, nightstalker 3
a: no special abilities


You were on level 2 of the Dungeon.
You visited 1 branch of the dungeon, and saw 2 of its levels.

You collected 99 gold pieces.


Innate Abilities, Weirdness & Mutations

You are small and have problems with some larger weapons.
You are completely attuned to the shadows.


   Skills:
 + Level 3.0 Fighting
 * Level 4.5 Short Blades
 - Level 2.1 Throwing
 - Level 1.2 Dodging
 - Level 5.3 Stealth


You had 2 spell levels left.
You didn't know any spells.
Your spell library was empty.

Inventory:

Hand Weapons
 a - a +2 dagger (weapon)
Missiles
 d - 8 poisoned darts (quivered)
 e - 3 curare-tipped darts
Armour
 c - a +0 cloak (worn)
 f - a +0 ring mail (worn)
   (You found it on level 1 of the Dungeon)
 j - a +0 pair of gloves (worn)
   (You found it on level 2 of the Dungeon)
Jewellery
 b - an amulet of reflection (around neck)
   (You found it on level 2 of the Dungeon)
Scrolls
 h - a scroll of vulnerability {unknown}
 i - a scroll of amnesia {unknown}
Potions
 g - a potion of degeneration {unknown}

Dungeon Overview and Level Annotations

Branches:
Dungeon (2/15)

Altars:

Shops:
D:1 ??[

Annotations:
D:2 1 runed translucent door, Crazy Yiuf, Natasha

#.# #.#### #....##
###...# ######
#...#....^ .....#
#####...+..... .....#
........#..5..
.....######.####h..?.
...>......#.####@.5..
.....####.#..........
######....#..........
#### #.####......###+
...# #.# #...$..#
##.# #.# #......#
##.###.## #......#
......†.# #......#
##.#.)..###


You could see Natasha and 2 cerulean imps.


Message History

Welcome, scionoferis the Kobold Brigand.
Will you prevail where others failed? Will you find the Orb of Zot?
Press ? for a list of commands and other information.
Found a staircase leading out of the dungeon.
Found a short sword.
You see here a +0 short sword.
f - a +0 short sword You drop a +0 short sword.
You now have 8 gold pieces.
A hobgoblin comes into view.
Found a gold piece.
A hobgoblin comes into view.
The hobgoblin barely misses you.
You hit the hobgoblin.
The hobgoblin is heavily wounded.
You hit the hobgoblin.
The hobgoblin is severely wounded.
The hobgoblin hits you.
You hit the hobgoblin.
The hobgoblin is almost dead.
The hobgoblin shouts!
You hear a bark! x2; You hear a shout!
You hear a bark!
The hobgoblin hits you but does no damage.
You hear a bark!
You hear a shout!
You barely miss the hobgoblin.
The hobgoblin is almost dead.
The hobgoblin barely misses you.
You hit the hobgoblin.
You kill the hobgoblin!
You hit the hobgoblin but do no damage. The hobgoblin hits you.
You are too injured to fight recklessly!
You are too injured to fight recklessly!
You are too injured to fight recklessly!
You are too injured to fight recklessly!
You completely miss the hobgoblin. The hobgoblin closely misses you.
You hit the hobgoblin.
The hobgoblin is heavily wounded.
The hobgoblin barely misses you.
You hit the hobgoblin.
You kill the hobgoblin!
Your Short Blades skill increases to level 3!
A kobold comes into view. It is wielding a +0 whip.
You are too injured to fight recklessly!
Unknown command.
Found 21 gold pieces.
Throw: 9 darts (poison)
Press: ? - help, Q - select action, (/) - cycle Shift-Dir - straight line, f - kobold
Aim: a kobold, wielding a +0 whip and quivering stones (51% to hit)
You throw a poisoned dart.
The poisoned dart barely misses the kobold.
The kobold throws a stone.
The stone hits you but does no damage.
Throw: 8 darts (poison)
Press: ? - help, Q - select action, (/) - cycle Shift-Dir - straight line, f/p - kobold
Aim: a kobold, wielding a +0 whip and quivering stones (51% to hit)
You throw a poisoned dart. The poisoned dart misses the kobold.
Unknown command.
Throw: 7 darts (poison)
Press: ? - help, Q - select action, (/) - cycle Shift-Dir - straight line, f/p - kobold
Aim: a kobold, wielding a +0 whip and quivering stones (51% to hit)
You throw a poisoned dart.
The poisoned dart closely misses the kobold.
The kobold throws a stone.
The stone closely misses you.
Throw: 6 darts (poison)
Press: ? - help, Q - select action, (/) - cycle Shift-Dir - straight line, f/p - kobold
Aim: a kobold, wielding a +0 whip and quivering stones (51% to hit)
You throw a poisoned dart. The poisoned dart hits the kobold.
The kobold is poisoned.
Unknown command.
Throw: 5 darts (poison)
Press: ? - help, Q - select action, (/) - cycle Shift-Dir - straight line, f/p - kobold
Aim: a kobold, wielding a +0 whip and quivering stones (poisoned, 51% to hit)
You throw a poisoned dart.
The poisoned dart completely misses the kobold.
Unknown command.
Throw: 4 darts (poison)
Press: ? - help, Q - select action, (/) - cycle Shift-Dir - straight line, f/p - kobold
Aim: a kobold, wielding a +0 whip and quivering stones (poisoned, 51% to hit)
You throw a poisoned dart. The poisoned dart hits the kobold.
The kobold looks even sicker.
Unknown command.
You hit the kobold.
The kobold is moderately wounded.
The kobold hits you with a +0 whip.
You hit the kobold but do no damage.
The kobold is moderately wounded.
The kobold barely misses you.
You hit the kobold.
You kill the kobold!
No target in view!
HP restored.
Things that are here:
a +0 whip; 2 stones; a kobold corpse
d - 4 poisoned darts (gained 1)
d - 5 poisoned darts (gained 1)
d - 7 poisoned darts (gained 2)
d - 9 poisoned darts (gained 2)
A jackal comes into view. x2
Throw: 9 darts (poison)
Press: ? - help, Q - select action, (/) - cycle Shift-Dir - straight line, f - jackal
Aim: a jackal (wandering, hasn't noticed you, 51% to hit)
You throw a poisoned dart. The poisoned dart hits the jackal.
The jackal is poisoned.
The jackal barks!
You hear a bark!
You hear a shout!
You hear a bark!
A jackal comes into view. x2
You hear a bark!
You closely miss the jackal.
The jackal is lightly wounded.
The jackal barely misses you.
You closely miss the jackal.
The jackal is moderately wounded.
The jackal completely misses you. The jackal barely misses you.
You barely miss the jackal.
The jackal is severely wounded.
The jackal looks more healthy.
The jackal bites you.
You barely miss the jackal.
The jackal is almost dead.
A hobgoblin comes into view.
The jackal bites you.
A quokka comes into view.
The hobgoblin shouts!
You hit the jackal.
You kill the jackal!
You hear a bark! x2
The jackal bites you but does no damage.
You hit the jackal.
The jackal is severely wounded.
The jackal closely misses you.
The jackal barks!
You hit the jackal but do no damage.
The jackal is severely wounded.
The jackal closely misses you.
You closely miss the jackal.
The jackal is severely wounded.
The jackal closely misses you.
An endoplasm comes into view.
You hit the jackal.
The jackal is almost dead.
The jackal bites you.
You barely miss the jackal.
The jackal is severely wounded.
The jackal barely misses you.
A rat comes into view.
You hit the jackal.
You kill the jackal!
The rat twitches its whiskers.
You have reached level 2!
You hit the jackal but do no damage. The jackal bites you.
You hit the jackal.
The jackal is moderately wounded.
The jackal bites you. The jackal closely misses you.
A goblin comes into view. It is wielding a +0 dagger.
The goblin shouts!
You hit the jackal but do no damage.
The jackal is moderately wounded.
A dart slug comes into view.
The jackal bites you.
You hit the jackal.
You kill the jackal!
A rat comes into view.
You closely miss the hobgoblin.
The hobgoblin hits you but does no damage.
You hit the hobgoblin.
The hobgoblin is heavily wounded.
The hobgoblin closely misses you.
You hit the hobgoblin.
The hobgoblin is almost dead.
The hobgoblin barely misses you.
You hit the hobgoblin.
You kill the hobgoblin!
The dart slug briefly extends its eye-stalks.
You aren't carrying any potions.
Throw: 8 darts (poison)
Press: ? - help, Q - select action, (/) - cycle Shift-Dir - straight line, f - rat
Aim: a rat (59% to hit)
You throw a poisoned dart.
The poisoned dart closely misses the quokka.
The poisoned dart hits the rat.
The rat is poisoned.
The quokka bites you but does no damage.
You closely miss the quokka.
An endoplasm comes into view.
The quokka bites you.
The endoplasm quivers.
You hit the quokka.
The quokka is lightly wounded.
The quokka misses you.
You barely miss the quokka.
The quokka is lightly wounded.
The quokka barely misses you.
You hit the quokka.
The quokka is moderately wounded.
You hit the quokka.
You kill the quokka!
The rat looks more healthy.
The goblin hits you but does no damage. The endoplasm barely misses you.
Things that are here:
a jackal corpse; a jackal corpse; a jackal corpse The endoplasm attacks as it pursues you!
The endoplasm barely misses you.
You hit the endoplasm.
The endoplasm is severely wounded.
The endoplasm hits you but does no damage.
You hit the endoplasm.
You kill the endoplasm!
You barely miss the rat. The rat bites you.
You hit the rat.
You kill the rat!
You hit the jackal.
The jackal is lightly wounded.
The jackal completely misses you.
You hit the jackal.
The jackal is heavily wounded.
The jackal misses you.
The jackal bites you but does no damage.
You hit the jackal.
The jackal is almost dead.
The jackal completely misses you.
You hit the jackal.
You kill the jackal!
You hit the rat.
You kill the rat!
You hit the endoplasm.
The endoplasm is severely wounded.
The endoplasm barely misses you.
You hit the endoplasm.
You kill the endoplasm!
You hit the goblin.
You kill the goblin!
You barely miss the dart slug. You hit the dart slug.
The dart slug is lightly wounded.
The dart slug launches a dart at you. The slug dart misses you.
You hit the dart slug but do no damage.
The dart slug is lightly wounded.
You hit the dart slug.
The dart slug is moderately wounded.
The dart slug closely misses you.
You hit the dart slug.
The dart slug is heavily wounded.
The dart slug bites you.
You hit the dart slug.
The dart slug is almost dead.
You hit the dart slug.
You kill the dart slug!
You have reached level 3!
Your experience leads to an increase in your attributes!
Increase (S)trength, (I)ntelligence, or (D)exterity?
You feel agile. x2
You start resting.
HP restored.
You now have 22 gold pieces (gained 14).
Items here: ) †††††.
f - a +0 dagger You drop a +0 dagger.
A bat comes into view.
The bat moves out of view.
d - 8 poisoned darts (gained 1)
A bat comes into view.
Found Rauwnyqe's Antique Armour Shoppe.
You hit the bat.
You kill the bat!
No target in view!
You now have 23 gold pieces (gained 1).
A bat is nearby!
You hit the bat.
You kill the bat!
Your Short Blades skill increases to level 4!
No target in view!
Found a robe.
Found Oshricixi's Magic Scroll Boutique.
A jackal comes into view. x2
The jackal moves out of view.
You see here a bat corpse.
Found a spear.
A jackal comes into view.
A bat comes into view.
You closely miss the bat. The bat misses you. The bat closely misses you.
The bat hits you but does no damage. The bat barely misses you.
You closely miss the bat. The bat misses you.
You closely miss the bat. The bat hits you but does no damage.
The bat completely misses you.
You hit the bat.
You kill the bat!
A rat comes into view.
What are your orders? t - Shout!
Orders for allies: a - Attack new target. r - Retreat! s - Stop attacking. g - Guard the area. f - Follow me.
Anything else - Cancel.
You shout for attention!
You hear a shout!
You hear a bark! x4
A goblin comes into view. It is wielding a +0 club.
You hit the goblin.
You kill the goblin!
The rat bites you.
Things that are here:
a +0 club; 23 gold pieces You completely miss the rat.
The rat bites you but does no damage.
You hit the rat.
You kill the rat!
You now have 46 gold pieces (gained 23).
You see here a +0 club.
What are your orders? t - Shout!
Orders for allies: a - Attack new target. r - Retreat! s - Stop attacking. g - Guard the area. f - Follow me.
Anything else - Cancel.
You shout for attention!
The jackal barks!
You hear a bark! x3
The jackal attacks as it pursues you! The jackal closely misses you.
You see here a +0 club.
The jackal barely misses you.
You hit the jackal.
The jackal is almost dead.
The jackal closely misses you.
You hit the jackal.
You kill the jackal!
You see here a +0 club.
There is an entrance to Rauwnyqe's Antique Armour Shoppe here.
A jackal is nearby!
The jackal barks!
You hear a bark! x2
A jackal comes into view.
The jackal barks!
The jackal closely misses you.
You hit the jackal.
The jackal is moderately wounded.
The jackal closely misses you.
A jackal comes into view.
The jackal barks!
You hit the jackal but do no damage. You hit the jackal.
You kill the jackal!
The jackal barely misses you.
You hit the jackal.
You kill the jackal!
The jackal barely misses you. The jackal bites you.
You hit the jackal.
You kill the jackal!
The jackal bites you but does no damage.
You hit the jackal.
The jackal is lightly wounded.
The jackal barely misses you.
You hit the jackal.
The jackal is moderately wounded.
The jackal bites you but does no damage.
The jackal misses you.
You barely miss the jackal.
The jackal is moderately wounded.
A dart slug comes into view.
The jackal bites you.
You hit the jackal.
You kill the jackal!
The dart slug barely misses you.
You hit the dart slug.
The dart slug is heavily wounded.
The dart slug closely misses you.
You hit the dart slug.
The dart slug is almost dead.
You hit the dart slug but do no damage. You punch the dart slug.
You kill the dart slug!
No target in view!
There is an entrance to Rauwnyqe's Antique Armour Shoppe here.
There is an entrance to Oshricixi's Magic Scroll Boutique here.
Unknown command.
You now have 67 gold pieces (gained 21).
Found 7 stones.
Found a ring mail.
Found a stone staircase leading down.
You see here a +0 ring mail.
f - a +0 ring mail
Found a club.
g - a glowing grey potion You see here a +0 club.
You see here a +0 short sword.
A bat comes into view.
A ball python comes into view.
The bat barely misses you. The bat closely misses you.
You hit the bat.
You kill the bat!
The helpless ball python fails to defend itself.
You perforate the ball python like a sieve!!!
You kill the ball python!
No target in view!
Found a stone.
You see here a +0 short sword.
A hobgoblin comes into view.
A kobold comes into view.
It is wielding a +0 dagger. 2 jackals come into view.
Found a stone staircase leading down.
The helpless hobgoblin fails to defend itself.
You impale the hobgoblin!!
You kill the hobgoblin!
The kobold shouts!
The jackal barks!
The kobold attacks as it pursues you! The kobold barely misses you.
The jackal barely misses you. The jackal attacks as it pursues you!
The jackal bites you.
You hit the jackal.
The jackal is almost dead.
The jackal bites you. The jackal barely misses you.
You hit the jackal.
You kill the jackal!
You hit the kobold.
The kobold is severely wounded.
The kobold hits you with a +0 dagger.
You hit the kobold.
You kill the kobold!
Your Fighting skill increases to level 3!
You hit the jackal but do no damage. You punch the jackal.
The jackal is heavily wounded.
The jackal closely misses you.
You closely miss the jackal.
The jackal is heavily wounded.
The jackal closely misses you.
You hit the jackal.
The jackal is heavily wounded.
The jackal bites you.
You hit the jackal.
The jackal is almost dead.
The jackal bites you. The jackal completely misses you.
You hit the jackal.
You kill the jackal!
Things that are here:
a +0 dagger; a jackal corpse
There is a stone staircase leading down here.
A hobgoblin comes into view.
The hobgoblin barely misses you.
You closely miss the hobgoblin. The hobgoblin misses you.
You hit the hobgoblin but do no damage. The hobgoblin barely misses you.
You barely miss the hobgoblin. The hobgoblin closely misses you.
You hit the hobgoblin.
The hobgoblin is heavily wounded.
The hobgoblin misses you.
You hit the hobgoblin.
You kill the hobgoblin!
No target in view!
Found Hiast's Magic Scroll Emporium.
There is an entrance to Hiast's Magic Scroll Emporium here.
Found 8 stones.
There is a stone staircase leading down here.
There is a stone staircase leading down here.
Found a stone staircase leading down.
A kobold comes into view. It is wielding a +0 short sword.
Found 17 gold pieces.
The helpless kobold fails to defend itself.
You spit the kobold like a pig!!!
You kill the kobold!
No target in view!
Things that are here:
a +0 short sword; a kobold corpse You now have 84 gold pieces (gained 17).
You now have 88 gold pieces (gained 4).
Done exploring.
Done exploring.
You start removing your armour.
You continue taking off your +0 robe. x4
You finish taking off your +0 robe.
You start putting on your armour.
You continue putting on your +0 ring mail. x5
You finish putting on your +0 ring mail.
Unknown command.
You drop a +0 robe.
There is a stone staircase leading down here.
You climb downwards.
There is a stone staircase leading up here.
You open the door.
There is an open door here.
A giant cockroach comes into view.
The giant cockroach barely misses you.
You closely miss the giant cockroach. The giant cockroach barely misses you.
You hit the giant cockroach.
The giant cockroach is almost dead.
The giant cockroach closely misses you.
You hit the giant cockroach but do no damage.
The giant cockroach is almost dead.
The giant cockroach bites you but does no damage.
You closely miss the giant cockroach.
The giant cockroach is almost dead.
The giant cockroach bites you but does no damage.
You hit the giant cockroach but do no damage.
The giant cockroach is almost dead.
The giant cockroach misses you.
You barely miss the giant cockroach.
The giant cockroach is almost dead.
The giant cockroach bites you but does no damage.
You hit the giant cockroach but do no damage.
The giant cockroach is almost dead.
The giant cockroach bites you but does no damage.
You hit the giant cockroach.
You kill the giant cockroach!
b - an amulet of reflection You see here a +0 short sword.
You start putting on your amulet.
You continue putting on your amulet of reflection. x5
You finish putting on your amulet of reflection.
You feel a shielding aura gather around you.
b - an amulet of reflection (around neck)
Found an escape hatch in the floor.
h - a scroll labelled CUYHIH YNA
i - a scroll labelled BUIWOI JIEK You open the door.
There is an open door here.
There is an escape hatch in the floor here.
You open the door.
There is an open door here.
Found 4 stones.
Found a runed translucent door.
Found a hammer.
You open the door.
You see here 4 stones.
There is an open door here.
There is an escape hatch in the floor here.
Found a stone staircase leading down.
Found a stone staircase leading up.
There is a stone staircase leading down here.
There is a stone staircase leading up here.
Found an escape hatch in the ceiling.
You now have 99 gold pieces (gained 11).
Found a mace.
Found a pair of gloves.
You see here a +0 mace.
You see here a +0 pair of gloves.
A ball python comes into view.
You see here a +0 pair of gloves.
j - a +0 pair of gloves You start putting on your armour.
You continue putting on your +0 pair of gloves. x4
You finish putting on your +0 pair of gloves.
No target in view!
The helpless ball python fails to defend itself.
You skewer the ball python like a kebab!!!
You kill the ball python!
No target in view!
Natasha, Servant of Life and Death comes into view.
She is carrying a wand of flame.
Found a scroll labelled BUIWOI JIEK.
Natasha claws you but does no damage.
You hit Natasha. You punch Natasha, but do no damage.
Natasha is moderately wounded.
You closely miss Natasha.
Natasha is moderately wounded.
Natasha stares at you and mumbles some strange words.
The magic dart hits you.
You hit Natasha but do no damage.
Natasha is moderately wounded.
Natasha zaps a wand.
The puff of flame hits you.
You hit Natasha.
Natasha is heavily wounded.
Natasha mumbles some strange words.
You barely miss Natasha.
Natasha is heavily wounded.
Natasha stares at you and mumbles some strange words.
The magic dart hits you.
You closely miss Natasha.
Natasha is heavily wounded.
The cerulean imp hits you from afar with a +3 spear.
* * * LOW HITPOINT WARNING * * *
You hit Natasha.
Natasha is heavily wounded.
Natasha claws you.
* * * LOW HITPOINT WARNING * * *
The cerulean imp hits you but does no damage.
You hit Natasha.
Natasha is almost dead.
Natasha completely misses you.
The cerulean imp hits you but does no damage.
You hit Natasha but do no damage.
Natasha is almost dead.
Natasha zaps a wand.
The puff of flame hits you.
* * * LOW HITPOINT WARNING * * *
You block the cerulean imp's attack.
You completely miss Natasha.
Natasha is almost dead.
Natasha mumbles some strange words.
You hit Natasha.
Natasha is almost dead.
The cerulean imp closely misses you.
You miss Natasha.
Natasha is almost dead.
Natasha casts a spell at you.
You feel yourself slow down.
The cerulean imp hits you from afar with a +1 spear.
You die...

Skill      XL: |  1  2  3 |
---------------+----------+-----
Short Blades   | 3 4 |  4.5
Fighting       | 3 |  3.0
Throwing       | |  2.1
Dodging        | |  1.2
Stealth        | |  5.3

Action                     || total
---------------------------++-------
  Melee: Dagger            ||   117
         Punch             ||     3
  Throw: Dart              ||     8
   Stab: Sleeping          ||     4
 Armour: Robe              ||    33
         Ring mail         ||    14
  Dodge: Dodged            ||    61
  Block: Other             ||     1

Levels and vault maps discovered:
D:1:      lemuel_arrival_cross, layout_rooms, serial_shops,
          nicolae_shop_rolled_up, shop, shop
D:2:      layout_basic, serial_glass, glass_columns_c, glass_columns_a,
          uniq_crazy_yiuf_cottage, uniq_terence, uniq_natasha

Notes
Turn   | Place    | Note
-------+----------+-------------------------------------------
     0 | D:1      | scionoferis the Kobold Brigand began the quest for the Orb.
     0 | D:1      | Reached XP level 1. HP: 12/12 MP: 1/1
    48 | D:1      | Reached skill level 3 in Short Blades
   113 | D:1      | Reached XP level 2. HP: 10/18 MP: 2/2
   148 | D:1      | Reached XP level 3. HP: 10/22 MP: 3/3
   208 | D:1      | Found Rauwnyqe's Antique Armour Shoppe.
   217 | D:1      | Reached skill level 4 in Short Blades
   217 | D:1      | Found Oshricixi's Magic Scroll Boutique.
   478 | D:1      | Reached skill level 3 in Fighting
   537 | D:1      | Found Hiast's Magic Scroll Emporium.
   778 | D:2      | Found a runed translucent door.
   781 | D:2      | Noticed Crazy Yiuf
   980 | D:2      | Noticed Natasha
   994 | D:2      | HP: 2/23 [Natasha/puff of flame (6)]
   997 | D:2      | Slain by a cerulean imp

Vanquished Creatures
  2 dart slugs (D:1)
  2 endoplasms (D:1)
  A giant cockroach (D:2)
  2 goblins (D:1)
  5 hobgoblins (D:1)
  11 jackals (D:1)
  3 kobolds (D:1)
  A quokka (D:1)
  2 ball pythons (D:1 D:2)
  4 bats (D:1)
  3 rats (D:1)
36 creatures vanquished.

Table legend: (Time is in decaauts)
 A = Elapsed time spent in this place.
 B = Non-inter-level travel time spent in this place.
 C = Inter-level travel time spent in this place.
 D = Time resting spent in this place.
 E = Time spent auto-exploring this place.
 F = Levels seen in this place.
 G = Mean time per level.
                   A        B        C        D        E       F      G
               +--------+--------+--------+--------+--------+-----+--------+
         Total |    974 |    969 |      5 |     51 |    649 |   2 |  487.0 |
       Dungeon |    974 |    969 |      5 |     51 |    649 |   2 |  487.0 |
               +--------+--------+--------+--------+--------+-----+--------+

Top non-repeatable levels by time:
     D:1: 659 daAuts
     D:2: 314 daAuts

Table legend:
 A = Non-vault XP
 B = Vault XP
 C = Vault XP percentage of total XP
 D = Non-vault monster count
 E = Vault monster count
 F = Vault count percentage of total count
                 A         B        C        D         E       F
            +---------+---------+-------+---------+---------+-------
      Total |      67 |       0 |   0.0 |      36 |       0 |   0.0
            +---------+---------+-------+---------+---------+-------
        D:1 |      64 |       0 |   0.0 |      34 |       0 |   0.0
        D:2 |       3 |       0 |   0.0 |       2 |       0 |   0.0
            +---------+---------+-------+---------+---------+-------
